 Dungeon Crawl Stone Soup version 0.31-a0-246-g8cbcc1cb85 (webtiles) character file.

Game seed: 8962609512881497486

127 qw the Shooter (level 5, -2/30 HPs)
             Began as a Gargoyle Hexslinger on July 12, 2023.
             Slain by an orc
             ... wielding a +0 hand axe
              (5 damage)
             ... on level 3 of the Dungeon.
             The game lasted 00:00:50 (1976 turns).

qw the Shooter (Gargoyle Hexslinger)                Turns: 1976, Time: 00:00:50

Health: -2/30      AC:  8    Str: 12    XL:     5   Next: 11%
Magic:  6/6        EV: 11    Int: 13    God:
Gold:   196        SH:  0    Dex: 14    Spells: 5/6 levels left

rFire   . . .        Y - +2 sling
rCold   . . .        (no shield)
rNeg    + . .        e - +0 leather armour
rPois   inf          (no helmet)
rElec   +            (no cloak)
rCorr   .            d - +0 pair of gloves
SInv    .            (no boots)
Will    +....        (no amulet)
Stlth   +            h - ring of willpower
HPRegen 0.25/turn    (no ring)
MPRegen 0.10/turn

%: no passive effects
@: about to teleport
A: sickness immunity, AC +4, negative energy resistance 1, electricity
resistance, torment resistance 1, petrification resistance
a: no special abilities


You were on level 3 of the Dungeon.
You visited 1 branch of the dungeon, and saw 3 of its levels.

You collected 196 gold pieces.


Innate Abilities, Weirdness & Mutations

You are immune to sickness and miasma.
Your stone body is resilient. (AC +4)
You are immune to poison.
You resist negative energy. (rN+)
You are resistant to electric shocks. (rElec)
You are resistant to unholy torment.
You are immune to petrification.


   Skills:
 - Level 2.0 Fighting
 + Level 4.9 Ranged Weapons
 - Level 1.5 Dodging
 - Level 1.0 Spellcasting
 - Level 2.6 Hexes


You had 5 spell levels left.
You knew the following spells:

 Your Spells              Type           Power      Damage    Failure   Level
a - Slow                  Hex            28%        N/A       12%         1

Your spell library contained the following spells:

 Spells                   Type           Power      Damage    Failure   Level
 Inner Flame              Hex/Fire       4%         N/A       52%         3
 Portal Projectile        Hex/Tloc       8%         N/A       52%         3
 Cause Fear               Hex            3%         N/A       75%         4

Inventory:

Hand Weapons
 Y - a +2 sling (weapon)
Armour
 d - a +0 pair of gloves (worn)
 e - a +0 leather armour (worn)
Jewellery
 h - a ring of willpower (left hand)
Scrolls
 a - a scroll of immolation {unknown}
 b - a scroll of vulnerability {unknown}
 c - a scroll of brand weapon {unknown}
 f - 5 scrolls of identify
 i - a scroll of acquirement {unknown}
Potions
 k - 2 potions of curing

Dungeon Overview and Level Annotations

Branches:
Dungeon (3/15)

Altars:
Xom


Message History

The orc priest closely misses you. The orc hits you with a +0 club.
The orc misses you.
You shoot a sling bullet. The sling bullet hits the orc priest.
The orc priest is almost dead.
The orc priest hits you but does no damage.
The orc hits you but does no damage. x2
The orc priest begins to cast a cantrip, but forgets the words!
The orc barely misses you. The orc hits you but does no damage.
You shoot a sling bullet.
The sling bullet closely misses the orc priest.
The orc priest hits you but does no damage.
The orc hits you with a +0 club. The orc hits you with a +0 hand axe.
You shoot a sling bullet. The sling bullet hits the orc priest.
You kill the orc priest!
The orc barely misses you. The orc closely misses you.
You have reached level 5!
You shoot a sling bullet. The sling bullet barely misses the orc.
The orc hits you but does no damage. x2
You shoot a sling bullet.
The sling bullet closely misses the orc.
The orc closely misses you. The orc hits you with a +0 hand axe.
You shoot a sling bullet. The sling bullet hits the orc.
The orc is heavily wounded.
The orc hits you but does no damage. x2; The orc closely misses you.
The orc barely misses you.
You shoot a sling bullet. The sling bullet barely misses the orc.
The orc misses you. The orc hits you but does no damage.
You shoot a sling bullet. The sling bullet barely misses the orc.
The orc hits you with a +0 club. The orc barely misses you.
1974 ||| READING scroll of teleportation.
As you read the scroll of teleportation, it crumbles to dust.
You feel strangely unstable. The orc closely misses you.
The orc barely misses you.
You shoot a sling bullet. The sling bullet hits the orc.
The orc is heavily wounded.
The orc barely misses you. The orc hits you with a +0 hand axe.
You shoot a sling bullet. The sling bullet hits the orc.
The orc is severely wounded.
The orc hits you but does no damage. The orc hits you with a +0 hand axe.
You die...

....#.......#
###)........# .##
##........# ..#
##.......# #.#
#......|####.####
#.......#......>#
#...............#
........#+#..oo..####
####...7# #7)@)......
##.# ##.#.##### #.
+.# # #. #.# ..# ..#
... ...#


You could see 2 orcs.

Vanquished Creatures
  An orc priest (D:3)
  4 adders
  A worm (D:2)
  2 dart slugs
  2 orcs (D:3)
  2 bats (D:2)
  9 endoplasms
  3 giant cockroaches (D:2)
  4 goblins
  2 hobgoblins
  2 quokkas
  4 ball pythons
  5 frilled lizards
  7 kobolds
  4 rats
52 creatures vanquished.

Notes
Turn   | Place    | Note
-------+----------+-------------------------------------------
     0 | D:1      | qw the Gargoyle Hexslinger began the quest for the Orb.
     0 | D:1      | Reached XP level 1. HP: 12/12 MP: 2/2
     0 | D:1      | 0 ||| qw: Version: 0.3-a-52-g30416fa
     0 | D:1      | 0 ||| qw: Game counter: 6464
     0 | D:1      | 0 ||| qw: Melee chars always use a shield: true
     0 | D:1      | 0 ||| qw: God list: Okawaru
     0 | D:1      | 0 ||| qw: Allow faded altars: false
     0 | D:1      | 0 ||| qw: Do Orc after clearing Dungeon:15 true
     0 | D:1      | 0 ||| qw: Do second Lair branch before Depths: true
     0 | D:1      | 0 ||| qw: Lair rune preference: random
     0 | D:1      | 0 ||| qw: Goals: Normal
     0 | D:1      | 0 ||| PLANNING D:1-11
   277 | D:1      | Reached XP level 2. HP: 16/16 MP: 3/3
   361 | D:1      | Reached skill level 3 in Ranged Weapons
   796 | D:1      | 796 ||| UPGRADING to ring of willpower.
   797 | D:1      | 797 ||| READING scroll labelled SARHOO TAPN.
   798 | D:1      | 798 ||| READING scroll labelled MAEQIKL TELU.
   799 | D:1      | 799 ||| READING 5 scrolls labelled QEAQAU GYNNY.
   800 | D:1      | 800 ||| READING scroll labelled HYDDAO ZAFIPHO.
   801 | D:1      | 801 ||| READING scroll labelled JEERGH IGYTS.
   804 | D:1      | 804 ||| READING scroll labelled DISUUS AFOD.
   805 | D:1      | 805 ||| DRINKING 3 fizzy amethyst potions.
   806 | D:1      | 806 ||| DROPPING scroll of poison.
   845 | D:2      | Identified the +11 falchion "Transmigrator" {flame, Dex+3}
   852 | D:2      | Reached XP level 3. HP: 21/21 MP: 4/4
  1279 | D:2      | Reached XP level 4. HP: 26/26 MP: 5/5
  1310 | D:2      | Reached skill level 4 in Ranged Weapons
  1377 | D:2      | Found a shimmering altar of Xom.
  1735 | D:2      | 1735 ||| UPGRADING to +0 pair of gloves.
  1740 | D:2      | 1740 ||| UPGRADING to +0 leather armour.
  1750 | D:2      | 1750 ||| DROPPING +0 robe.
  1751 | D:2      | 1751 ||| READING 3 scrolls labelled XIFYOGGUNUA.
  1752 | D:2      | 1752 ||| READING 6 scrolls of identify.
  1752 | D:2      | 1752 ||| IDENTIFYING red potion
  1753 | D:2      | 1753 ||| DROPPING potion of ambrosia.
  1754 | D:2      | 1754 ||| DROPPING 2 scrolls of fear.
  1804 | D:3      | 1804 ||| PLANNING SEWER
  1969 | D:3      | Reached XP level 5. HP: 9/30 MP: 6/6
  1973 | D:3      | HP: 4/30 [orc/+0 club (5)]
  1974 | D:3      | 1974 ||| READING scroll of teleportation.
  1976 | D:3      | Slain by an orc

Levels and vault maps discovered:
D:1:      nagdon_arrival_double_spiral, layout_loops_ring,
          minmay_misc_feat_enclosed
D:2:      layout_loops_corners, basic_altar, minmay_crystal_water
D:3:      layout_rooms, lightli_temple_of_fire, serial_shops,
          nicolae_shop_real_fake_doors, cheibrodos_sewer_entry_bend

Skill      XL: |  1  2  3  4 |
---------------+-------------+-----
Ranged Weapons | 3 4 |  4.9
Fighting       | 2 |  2.0
Dodging        | |  1.5
Spellcasting   | |  1.0
Hexes          | |  2.6

Action                     |  1- 3 |  4- 6 || total
---------------------------+-------+-------++-------
   Fire: Sling             |   131 |    69 ||   200
    Use: Scroll            |     6 |     3 ||     9
         Potion            |     1 |       ||     1
 Armour: Robe              |    27 |     3 ||    30
         Leather armour    |       |    23 ||    23
  Dodge: Dodged            |    56 |    31 ||    87

Table legend:
 A = Non-vault XP
 B = Vault XP
 C = Vault XP percentage of total XP
 D = Non-vault monster count
 E = Vault monster count
 F = Vault count percentage of total count
                 A         B        C        D         E       F
            +---------+---------+-------+---------+---------+-------
      Total |     182 |       0 |   0.0 |      52 |       0 |   0.0
            +---------+---------+-------+---------+---------+-------
        D:1 |      31 |       0 |   0.0 |      20 |       0 |   0.0
        D:2 |      83 |       0 |   0.0 |      24 |       0 |   0.0
        D:3 |      68 |       0 |   0.0 |       8 |       0 |   0.0
            +---------+---------+-------+---------+---------+-------
